 Dungeon Crawl Stone Soup version 0.21-a0-525-ga34b322 (webtiles) character file.

201 slep the Chopper (level 5, 0/39 HPs)
             Began as a Demonspawn Gladiator on Dec 8, 2017.
             Slain by a killer bee (5 damage)
             ... on level 3 of the Dungeon.
             The game lasted 00:06:07 (1409 turns).

slep the Chopper (Demonspawn Gladiator)             Turns: 1409, Time: 00:06:08

Health: 0/39       AC:  4    Str: 15    XL:     5   Next: 50%
Magic:  5/5        EV: 13    Int: 10    God:
Gold:   110        SH:  0    Dex: 16    Spells: 4/4 levels left

rFire    . . .     SeeInvis .   x - +0 hand axe (venom)
rCold    . . .     Gourm    .   (no shield)
rNeg     . . .     Faith    .   b - +0 leather armour
rPois    .         Spirit   .   (helmet restricted)
rElec    .         Reflect  .   (no cloak)
rCorr    .         Harm     .   p - +0 pair of gloves
MR       .....                  (no boots)
Stlth    ++........             (no amulet)
HPRegen  0.13/turn              (no ring)
MPRegen  0.09/turn              (no ring)

@: lethally poisoned (0 -> -6)
A: horns 1, thin skeletal structure 1, rot immunity
a: no special abilities


You were on level 3 of the Dungeon.
You were not hungry.

You visited 1 branch of the dungeon, and saw 3 of its levels.

You collected 110 gold pieces.

Inventory:

Hand Weapons
 a - a +0 war axe
 x - a +0 hand axe of venom (weapon)
Missiles
 d - 3 throwing nets (quivered)
Armour
 b - a +0 leather armour (worn)
 c - a +0 helmet
 p - a +0 pair of gloves (worn)
Jewellery
 u - a +3 ring of slaying {unknown}
Scrolls
 i - 3 scrolls of identify {unknown}
 k - a scroll of fog {unknown}
 m - 2 scrolls of teleportation {unknown}
 n - 3 scrolls of amnesia {unknown}
 q - 3 scrolls of remove curse {unknown}
 r - a scroll of fear {unknown}
 s - a scroll of immolation {unknown}
 t - a scroll of magic mapping {unknown}
 y - a scroll of blinking {unknown}
Potions
 e - a potion of berserk rage {unknown}
 h - a potion of magic
 l - a potion of cancellation {unknown}
 o - a potion of degeneration {unknown}
 v - a potion of resistance {unknown}
 w - a potion of curing {unknown}
 z - a potion of ambrosia {unknown}
 B - a potion of lignification {unknown}
Comestibles
 f - a bread ration
 g - a royal jelly
 j - 3 fruits
 A - 2 chunks of flesh


   Skills:
 + Level 2.7 Fighting
 + Level 4.1 Axes
 + Level 2.0 Throwing
 + Level 1.6 Armour
 + Level 3.5 Dodging
 + Level 1.1 Stealth


You had 4 spell levels left.
You didn't know any spells.

Dungeon Overview and Level Annotations

Branches:
Dungeon (3/15)

Altars:
Ashenzari
Makhleb
The Shining One


Innate Abilities, Weirdness & Mutations

You have a pair of small horns on your head.
You have a somewhat thin skeletal structure. (Dex +2, Stealth)
You are immune to rotting.


Message History

The killer bee poisons you! The killer bee stings you.
* * * LOW HITPOINT WARNING * * *
You are lethally poisoned!
The killer bee poisons you! The killer bee barely misses you.
* * * LOW HITPOINT WARNING * * *
You feel sick. The killer bee completely misses you.
* * * LOW HITPOINT WARNING * * *
You feel sick.
You kill the killer bee!
Your Axes skill increases to level 4!
Your Stealth skill increases to level 1!
* * * LOW HITPOINT WARNING * * *
You feel sick. The killer bee barely misses you.
You miss the killer bee. Your headbutt misses the killer bee.
* * * LOW HITPOINT WARNING * * *
You feel sick. The killer bee closely misses you. The killer bee misses you.
It was a potion of magic.
Magic courses through your body.
* * * LOW HITPOINT WARNING * * *
You feel sick. The killer bee stings you.
You die...

......##.....#........
.#..#.##.....#......#
.......#.....#......#
.).....#.....#......#
.......#.....##..y..#
.......########y## .# .......####
#yy##.# ..........# ##y##.#
..........# #@##.# ..........#
#.##.# ..........# #..#.#
....†.....# ##.#.# ..........#
#...#
.....#############..#############
................##..............#
................##..............#
##..............##.>............#


You could see 4 killer bees.

Vanquished Creatures
  2 killer bees (D:3)
  Jessica (D:2)
  An adder (D:3)
  A worm (D:2)
  6 dart slugs
  A leopard gecko (D:1)
  An orc (D:3)
  8 bats
  6 goblins
  5 hobgoblins
  13 jackals
  2 quokkas
  2 ball pythons (D:1)
  4 frilled lizards
  4 kobolds
  7 rats
64 creatures vanquished.

Notes
Turn   | Place    | Note
-------+----------+-------------------------------------------
     0 | D:1      | slep the Demonspawn Gladiator began the quest for the Orb.
     0 | D:1      | Reached XP level 1. HP: 16/16 MP: 1/1
   167 | D:1      | Gained mutation: You have a somewhat thin skeletal structure. (Dex +2, Stealth) [demonic ancestry]
   167 | D:1      | Reached XP level 2. HP: 19/22 MP: 2/2
   369 | D:1      | Gained mutation: You have a pair of small horns on your head. [demonic ancestry]
   369 | D:1      | Reached XP level 3. HP: 18/27 MP: 3/3
   371 | D:1      | Reached skill level 3 in Axes
   458 | D:1      | Reached skill level 1 in Armour
   697 | D:2      | Found a shattered altar of Ashenzari.
   852 | D:2      | Noticed Jessica
   865 | D:2      | Killed Jessica
   865 | D:2      | Reached XP level 4. HP: 4/34 MP: 4/4
   994 | D:2      | Found a glowing golden altar of the Shining One.
  1131 | D:3      | Found a burning altar of Makhleb.
  1404 | D:3      | Gained mutation: You are immune to rotting. [demonic ancestry]
  1404 | D:3      | Reached XP level 5. HP: 22/39 MP: 5/5
  1406 | D:3      | Reached skill level 4 in Axes
  1406 | D:3      | Reached skill level 1 in Stealth
  1409 | D:3      | Slain by a killer bee

Vault maps used:
D:1:      sevenhm_arrival_forest_fort_large_3, st_stairs_8,
          minmay_split_cup_large
D:2:      old_standard_altar, st_stairs_13, nicolae_tso_swordbearing_angel,
          uniq_jessica
D:3:      lemuel_crystal_altar, nicolae_overflow_crystal_walls,
          chequers_ecumenical_altar_island

Skill      XL: |  1  2  3  4  5 |
---------------+----------------+-----
Dodging        | 3 |  3.5
Throwing       | 2 |  2.0
Axes           | 3 4 |  4.1
Armour         | 1 |  1.6
Stealth        | 1 |  1.1
Fighting       | |  2.7

Action                   |  1- 3 |  4- 6 || total
-------------------------+-------+-------++-------
Melee: War axe           |   106 |    18 ||   124
       Headbutt          |    11 |     9 ||    20
       Hand axe          |       |    19 ||    19
  Use: Potion            |       |     1 ||     1
 Stab: Sleeping          |     1 |     3 ||     4
  Eat: Chunk             |       |     2 ||     2
Armor: Leather armour    |    30 |    10 ||    40
Dodge: Dodged            |   113 |    42 ||   155

Table legend:
 A = Spawn XP
 B = Non-spawn XP
 C = Spawn XP percentage of total XP
 D = Spawn monster count
 E = Non-spawn monster count
 F = Spawn count percentage of total count
 G = Total turns spent on level
                    A         B        C        D         E        F      G
               +---------+---------+-------+---------+---------+-------+---------
         Total |       0 |     288 |   0.0 |       0 |      64 |   0.0 |  1409
               +---------+---------+-------+---------+---------+-------+---------
           D:1 |       0 |      73 |   0.0 |       0 |      38 |   0.0 |   648
           D:2 |       0 |      57 |   0.0 |       0 |      12 |   0.0 |   455
           D:3 |       0 |     158 |   0.0 |       0 |      14 |   0.0 |   306
               +---------+---------+-------+---------+---------+-------+---------
